[Event "Titled Tuesday Blitz October 11 Early 2022"]
[White "Titichoca Daza, Daniel"]
[Black "Boros, Denes"]
[WhiteFideId "3309550"]
[BlackFideId "722340"]
[WhiteElo "2105"]
[BlackElo "2464"]
[Result "0-1"]
[Round "06"]
[TimeControl "180+1"]
[Date "2022.10.11"]
[WhiteClock "0:00:05"]
[BlackClock "0:00:33"]

1. e4 Nc6 2. d4 d5 3. e5 Bf5 4. c3 a6 5. Bd3 Qd7 6. Ne2 f6 7. exf6 gxf6 8. O-O O-O-O 9. b4 Bxd3 10. Qxd3 e5 11. a4 Bd6 12. b5 Nb8 13. dxe5 Bxe5 14. Nd2 Ne7 15. Nf3 Rhg8 16. Ng3 h5 17. Nxe5 fxe5 18. h4 Ng6 19. Bg5 Nf4 20. Qd2 Rxg5 21. hxg5 Qg4 22. bxa6 Nxa6 23. Qe3 h4 24. Qxe5 hxg3 25. fxg3 Ne2+ 26. Kf2 Nxg3 27. Rfe1 Nc5 28. Re3 Nf5 29. Rf3 Nh4 30. Rg3 Ne4+ 31. Kg1 Nxg3 32. Re1 Ne4 0-1


[Site "https://www.chess.com"]

[Event "Titled Tuesday Blitz October 11 Early 2022"]
[White "Torres Boch, Jose Francisco"]
[Black "Tsaruk, Maksim"]
[WhiteFideId "2278383"]
[BlackFideId "13511173"]
[WhiteElo "2073"]
[BlackElo "2273"]
[Result "1-0"]
[Round "06"]
[TimeControl "180+1"]
[Date "2022.10.12"]
[WhiteClock "0:00:46"]
[BlackClock "0:00:07"]

1. e4 e5 2. Nf3 d6 3. d4 Nd7 4. Nc3 Ngf6 5. Bc4 Be7 6. a4 O-O 7. O-O c6 8. h3 b6 9. Qe2 a6 10. Rd1 Bb7 11. dxe5 dxe5 12. Nxe5 Qc7 13. Nxd7 Nxd7 14. e5 b5 15. axb5 cxb5 16. Bb3 Nxe5 17. Bf4 Bf6 18. Ne4 Bxe4 19. Qxe4 Rfe8 20. Re1 Rad8 21. Rxa6 Nf3+ 22. gxf3 Rxe4 23. Rxe4 Qd7 24. Kg2 h5 25. Be5 Bxe5 26. Rxe5 Qb7 27. Rg6 Rd4 28. Reg5 Rf4 29. Rxg7+ Kf8 30. Rg8+ Ke7 31. Re5+ Kf6 32. Bd5 Qc7 33. Reg5 Qxc2 34. Be4 Qxb2 35. Rxh5 Qd4 36. Rh6+ Ke7 37. Rg5 Rf6 38. Rhh5 b4 39. Rd5 Qa7 40. Rb5 Rb6 41. Rbe5+ Kf8 42. Rh8+ Kg7 43. Rh7+ Kf8 44. Rh8+ Kg7 45. Rh7+ Kf6 46. Rf5+ Ke6 47. Rh6+ Ke7 48. Rxf7+ Kxf7 49. Rh7+ Kf6 50. Rxa7 b3 51. Rb7 b2 52. Rxb6+ 1-0


[Site "https://www.chess.com"]

[Event "Titled Tuesday Blitz October 11 Early 2022"]
[White "Toshali, V"]
[Black "Ilkhomi, Jaloliddin"]
[WhiteFideId "5072611"]
[BlackFideId "14700948"]
[WhiteElo "1973"]
[BlackElo "2045"]
[Result "0-1"]
[Round "06"]
[TimeControl "180+1"]
[Date "2022.10.12"]
[WhiteClock "0:00:06"]
[BlackClock "0:01:01"]

1. d4 Nf6 2. Nf3 e6 3. Bf4 b6 4. Nbd2 Bb7 5. e3 Bd6 6. Ne5 Ne4 7. Qg4 Qf6 8. Bd3 h5 9. Qh3 Nxd2 10. Kxd2 g5 11. Bg3 g4 12. Qh4 Qxh4 13. Bxh4 Bxg2 14. Rhg1 Bb7 15. Bf6 Rf8 16. Bh7 Be7 17. Bg7 f6 18. Bxf8 Kxf8 19. Ng6+ Kg7 20. Nxe7 Kxh7 21. h3 f5 22. hxg4 hxg4 23. f3 Bxf3 24. c4 Na6 25. d5 Re8 26. dxe6 Rxe7 27. exd7 Rxd7+ 28. Kc3 Nc5 29. b3 Ne4+ 30. Kb2 Rd2+ 31. Ka3 g3 32. Kb4 a5+ 33. Ka3 g2 34. Ka4 Nc3+ 35. Ka3 Ne2 36. Rh1+ gxh1=Q 0-1


[Site "https://www.chess.com"]

[Event "Titled Tuesday Blitz October 11 Early 2022"]
[White "Trimitzios, Petros"]
[Black "Soto Vega, Jorge"]
[WhiteFideId "25808796"]
[BlackFideId "3800580"]
[WhiteElo "2265"]
[BlackElo "2263"]
[Result "1-0"]
[Round "06"]
[TimeControl "180+1"]
[Date "2022.10.11"]
[WhiteClock "0:02:07"]
[BlackClock "0:00:53"]

1. b3 e5 2. Bb2 Nc6 3. g3 Nf6 4. Bg2 d5 5. e3 Bd6 6. Ne2 O-O 7. d3 Bg4 8. Nd2 Re8 9. h3 Bh5 10. g4 Bg6 11. O-O h5 12. g5 Nh7 13. h4 Bc5 14. a3 a5 15. Ng3 f6 16. gxf6 Nxf6 17. Nf3 d4 18. e4 Ng4 19. Ng5 Be7 20. Bc1 Qd6 21. Bh3 Bxg5 22. Bxg5 Nf6 23. Nf5 Qf8 24. Kh2 Kh7 25. Qe2 Nd8 26. Rg1 Ne6 27. Rg2 Qf7 28. Rag1 Ng4+ 29. Bxg4 hxg4 30. Qxg4 Bh5 31. Qh3 Ra6 32. a4 Rc6 33. f3 g6 34. Ng3 Qxf3 35. Rf1 Qg4 36. Nxh5 Qxh3+ 37. Kxh3 gxh5 38. Rf7+ Kg8 39. Rd7 Kf8 40. Bh6+ 1-0


[Site "https://www.chess.com"]

[Event "Titled Tuesday Blitz October 11 Early 2022"]
[White "Tristan, Leonardo"]
[Black "Stribuk, Artiom"]
[WhiteFideId "113816"]
[BlackFideId "13515659"]
[WhiteElo "2446"]
[BlackElo "2279"]
[Result "1-0"]
[Round "06"]
[TimeControl "180+1"]
[Date "2022.10.11"]
[WhiteClock "0:00:15"]
[BlackClock "0:00:04"]

1. d4 Nf6 2. Nf3 g6 3. Bf4 Bg7 4. e3 O-O 5. Be2 d6 6. O-O Nh5 7. Bg5 h6 8. Bh4 g5 9. Nfd2 Nf4 10. exf4 gxh4 11. c3 c5 12. d5 e6 13. Nc4 Qf6 14. Nxd6 Qxf4 15. Nxc8 Rxc8 16. dxe6 fxe6 17. Qb3 Nc6 18. Qxe6+ Kh8 19. Qg4 Qxg4 20. Bxg4 Rd8 21. Na3 Ne5 22. Bf3 Nxf3+ 23. gxf3 Rg8 24. Kh1 Raf8 25. Rae1 Rxf3 26. Re4 h3 27. Rg4 Rgf8 28. Kg1 a6 29. Nc4 b5 30. Nd2 Rd3 31. Ne4 c4 32. Rg3 Rfd8 33. f4 Re8 34. Re1 b4 35. Kf2 bxc3 36. bxc3 Rxg3 37. hxg3 Bxc3 38. Re2 Bd4+ 39. Kf3 Rc8 40. g4 c3 41. Rc2 h2 42. Kg2 Re8 43. Ng3 Re3 44. Kxh2 Rf3 45. Ne2 Bf6 46. Kg2 Rd3 47. Kf1 Rd2 48. Rc1 Rxa2 49. Nxc3 Bxc3 50. Rxc3 Ra4 51. Rf3 Kg7 52. Kg2 Rb4 53. Kg3 a5 54. Rc3 a4 55. Rc7+ Kg6 56. Ra7 Rb3+ 57. Kh4 a3 58. f5+ Kf6 59. Ra6+ Kg7 60. Rc6 Rf3 61. Rc7+ Kf6 62. Rh7 a2 63. Rxh6+ Ke5 64. Ra6 Rf2 65. Kg5 Kd5 66. f6 Kc5 67. Kg6 Kb5 68. Ra8 Kb4 69. g5 Kb3 70. f7 Kb2 71. Kg7 1-0


[Site "https://www.chess.com"]

[Event "Titled Tuesday Blitz October 11 Early 2022"]
[White "Turutin, Alexander"]
[Black "Molina, Roberto Junio Brito"]
[WhiteFideId "4180623"]
[BlackFideId "2109450"]
[WhiteElo "2402"]
[BlackElo "2388"]
[Result "0-1"]
[Round "06"]
[TimeControl "180+1"]
[Date "2022.10.12"]
[WhiteClock "0:00:41"]
[BlackClock "0:02:32"]

1. e4 c6 2. Nf3 d5 3. Nc3 dxe4 4. Nxe4 Bg4 5. h3 Bxf3 6. Qxf3 Nd7 7. d4 Ndf6 8. c3 Nxe4 9. Qxe4 Nf6 10. Qf3 Qd5 11. Be2 e6 12. O-O Bd6 13. Rd1 Qxf3 14. Bxf3 O-O-O 15. Re1 Nd5 16. g3 h5 17. h4 g6 18. Bg5 Rd7 19. Rad1 Be7 20. Bc1 Bf8 21. Bg5 Bh6 22. Bxh6 Rxh6 23. c4 Nb6 24. b3 Rh8 25. Rd2 Rhd8 26. Red1 c5 27. d5 exd5 28. cxd5 Kc7 29. g4 hxg4 0-1


[Site "https://www.chess.com"]

[Event "Titled Tuesday Blitz October 11 Early 2022"]
[White "Urazayev, Arystanbek"]
[Black "Machidon, Cristi"]
[WhiteFideId "13709810"]
[BlackFideId "13904590"]
[WhiteElo "2441"]
[BlackElo "2312"]
[Result "1-0"]
[Round "06"]
[TimeControl "180+1"]
[Date "2022.10.11"]
[WhiteClock "0:01:40"]
[BlackClock "0:00:10"]

1. d4 Nf6 2. c4 e6 3. Nc3 Bb4 4. e3 O-O 5. Bd3 c5 6. Ne2 cxd4 7. exd4 d5 8. cxd5 exd5 9. O-O h6 10. Bf4 Nc6 11. Rc1 Be6 12. Qd2 Ne4 13. Qe3 Nxc3 14. Nxc3 Re8 15. Qg3 Qf6 16. Nb5 Rac8 17. h4 a6 18. Rxc6 bxc6 19. Be5 Qxe5 20. Qxe5 cxb5 21. Qf4 Rc6 22. Rc1 Bd6 23. Qd2 Rec8 24. Rxc6 Rxc6 25. g3 Be7 26. Qf4 Bd6 27. Qf3 Be7 28. Bf5 Bf6 29. Qf4 Bxf5 30. Qxf5 Rc4 31. Qxd5 Rxd4 32. Qa8+ Kh7 33. Qxa6 Rd2 34. Qxb5 Rxb2 35. Qd3+ g6 36. a4 Kg7 37. a5 Ra2 38. a6 h5 39. Kg2 Be7 40. a7 Bc5 41. Qc3+ Kh7 42. Qxc5 1-0


[Site "https://www.chess.com"]

[Event "Titled Tuesday Blitz October 11 Early 2022"]
[White "Vachylia, Andrii"]
[Black "Kazakov, Mikhail"]
[WhiteFideId "14137224"]
[BlackFideId "14102749"]
[WhiteElo "2318"]
[BlackElo "2413"]
[Result "1-0"]
[Round "06"]
[TimeControl "180+1"]
[Date "2022.10.12"]
[WhiteClock "0:01:17"]
[BlackClock "0:00:04"]

1. e4 e5 2. Nf3 Nc6 3. Bb5 a6 4. Ba4 Nf6 5. O-O Be7 6. Re1 b5 7. Bb3 d6 8. c3 O-O 9. h3 Re8 10. d4 h6 11. Nbd2 Bf8 12. Bc2 exd4 13. cxd4 Nb4 14. Bb1 c5 15. d5 a5 16. a3 Na6 17. Nf1 g6 18. Ng3 Bg7 19. Bf4 a4 20. Bc2 Nh7 21. Rb1 Bd7 22. Qd2 h5 23. Bxd6 c4 24. e5 Rc8 25. Ne4 Bf5 26. Rbd1 Bxe4 27. Bxe4 Nc5 28. Bc2 Nd3 29. Bxd3 cxd3 30. Qxd3 Qd7 31. Bb4 Rc4 32. e6 fxe6 33. Qxg6 Qf7 34. Qxf7+ Kxf7 35. dxe6+ Kg6 36. Rd7 Bxb2 37. e7 Bf6 38. Rb7 Rc2 39. Ne5+ Bxe5 40. Rxe5 Nf6 41. Rb6 Rc1+ 42. Kh2 Kf7 43. Rf5 1-0


[Site "https://www.chess.com"]

[Event "Titled Tuesday Blitz October 11 Early 2022"]
[White "Valle Maytin, Luis Enrique"]
[Black "Hanley, Craig A"]
[WhiteFideId "3503666"]
[BlackFideId "408514"]
[WhiteElo "2225"]
[BlackElo "2439"]
[Result "0-1"]
[Round "06"]
[TimeControl "180+1"]
[Date "2022.10.12"]
[WhiteClock "0:00:05"]
[BlackClock "0:00:17"]

1. e4 e5 2. Nf3 Nc6 3. Bb5 f5 4. d3 fxe4 5. dxe4 Nf6 6. O-O d6 7. Nc3 h6 8. Re1 g5 9. Nd5 Bg7 10. Nd2 Bd7 11. Nxf6+ Qxf6 12. Qh5+ Ke7 13. Nc4 Raf8 14. Be3 Be8 15. Qd1 h5 16. Qd2 Bh6 17. Rad1 g4 18. Bxh6 Rxh6 19. Ne3 Kd8 20. Nd5 Qg7 21. Qe3 a6 22. Bxc6 Bxc6 23. Nb4 Rhf6 24. Rd2 Kd7 25. Qc3 Rf3 26. Nd3 Kc8 27. Qc4 Bb5 28. Qe6+ Bd7 29. Qd5 R3f6 30. Red1 Bc6 31. Qc4 h4 32. Nb4 Bb5 33. Qc3 g3 34. hxg3 hxg3 35. Qxg3 Rg6 36. Qxg6 Qxg6 37. Nd5 Qg5 38. g3 Bc6 39. Ne3 Bxe4 40. Kf1 Bf3 41. Re1 Qh5 0-1


[Site "https://www.chess.com"]

[Event "Titled Tuesday Blitz October 11 Early 2022"]
[White "Van Foreest, Jorden"]
[Black "Cruz Lledo, Pablo"]
[WhiteFideId "1039784"]
[BlackFideId "2297361"]
[WhiteElo "2649"]
[BlackElo "2304"]
[Result "1-0"]
[Round "06"]
[TimeControl "180+1"]
[Date "2022.10.12"]
[WhiteClock "0:00:32"]
[BlackClock "0:00:01"]

1. d4 d5 2. c4 c6 3. Nf3 Nf6 4. Nc3 a6 5. cxd5 cxd5 6. Bf4 Nc6 7. e3 Bf5 8. h3 Rc8 9. g4 Be6 10. Bd3 g6 11. a3 Bg7 12. Kf1 Na5 13. Rc1 Nc4 14. Qe2 b5 15. Kg2 h5 16. Ng5 Qd7 17. f3 O-O 18. Rc2 Rc6 19. Rhc1 Rfc8 20. Na2 Nd6 21. Nb4 Rxc2 22. Rxc2 Rxc2 23. Qxc2 hxg4 24. hxg4 Bxg4 25. fxg4 Qxg4+ 26. Kf2 Bh6 27. Bxd6 Bxg5 28. Bg3 Nh5 29. Be5 Bh4+ 30. Kf1 Qf3+ 31. Kg1 Qxe3+ 32. Kg2 f6 33. Bh2 Bg3 34. Nxd5 Qg5 35. Nxe7+ Kf7 36. Bxg6+ Kxe7 37. Qe4+ Kf8 38. Qe8+ Kg7 39. Qf7+ Kh6 40. Qh7# 1-0


[Site "https://www.chess.com"]

[Event "Titled Tuesday Blitz October 11 Early 2022"]
[White "Veleshnja, Zino"]
[Black "Pimpalkhare, Vedant"]
[WhiteFideId "4701313"]
[BlackFideId "25048236"]
[WhiteElo "2167"]
[BlackElo "2182"]
[Result "1-0"]
[Round "06"]
[TimeControl "180+1"]
[Date "2022.10.12"]
[WhiteClock "0:00:24"]
[BlackClock "0:01:10"]

1. d4 e6 2. Bf4 c5 3. e3 cxd4 4. exd4 Qb6 5. b3 Nf6 6. Nf3 d6 7. Bd3 Be7 8. O-O O-O 9. c4 Nbd7 10. Nc3 Re8 11. Re1 a6 12. h3 Nf8 13. Qc2 Ng6 14. Bg3 Bd7 15. Rad1 Rac8 16. Qd2 Bf8 17. d5 e5 18. Qc2 Qc7 19. Rc1 b5 20. Ne4 Nxe4 21. Bxe4 bxc4 22. bxc4 Qa7 23. h4 Be7 24. h5 Nf8 25. h6 g6 26. Bh4 f5 27. Bxe7 Rxe7 28. Bd3 e4 29. Ng5 exd3 30. Rxe7 Ne6 31. Qc3 Nd4 32. Rg7+ Kf8 33. Nxh7+ Ke8 34. Nf6+ Kd8 35. Re1 Ne2+ 36. Rxe2 dxe2 37. h7 1-0


[Site "https://www.chess.com"]

[Event "Titled Tuesday Blitz October 11 Early 2022"]
[White "Villamayor, Buenaventura"]
[Black "Ernst, Sipke"]
[WhiteFideId "5200393"]
[BlackFideId "1004689"]
[WhiteElo "2301"]
[BlackElo "2438"]
[Result "1-0"]
[Round "06"]
[TimeControl "180+1"]
[Date "2022.10.12"]
[WhiteClock "0:00:40"]
[BlackClock "0:00:28"]

1. e4 e5 2. Nf3 Nc6 3. d4 exd4 4. Nxd4 Nf6 5. Nxc6 bxc6 6. e5 Qe7 7. Qe2 Nd5 8. h4 Qe6 9. c4 Nb6 10. b3 f6 11. exf6 Qxe2+ 12. Bxe2 gxf6 13. Bb2 Be7 14. Bh5+ Kf8 15. Nd2 d6 16. O-O-O c5 17. Ne4 Kg7 18. Bf3 Rb8 19. g4 Nd7 20. g5 Ne5 21. gxf6+ Bxf6 22. Rhg1+ Kf7 23. Bh5+ Ke7 24. Nxf6 Kxf6 25. f4 Bf5 26. fxe5+ dxe5 27. Rd5 Rhg8 28. Bxe5+ Ke6 29. Re1 Rb7 30. Bb2+ 1-0


[Site "https://www.chess.com"]

[Event "Titled Tuesday Blitz October 11 Early 2022"]
[White "Visakh N R"]
[Black "Bacrot, Etienne"]
[WhiteFideId "25012223"]
[BlackFideId "605506"]
[WhiteElo "2466"]
[BlackElo "2666"]
[Result "0-1"]
[Round "06"]
[TimeControl "180+1"]
[Date "2022.10.11"]
[WhiteClock "0:00:29"]
[BlackClock "0:00:07"]

1. Nf3 d5 2. d4 Nf6 3. Bf4 e6 4. e3 Bd6 5. Nbd2 O-O 6. Bd3 c5 7. c3 Qc7 8. Bxd6 Qxd6 9. O-O Nbd7 10. Re1 e5 11. e4 cxd4 12. cxd4 dxe4 13. Nxe4 Nxe4 14. Bxe4 exd4 15. Qxd4 Qxd4 16. Nxd4 Nc5 17. Bf3 Bd7 18. Red1 a5 19. Rac1 Rac8 20. g3 b6 21. Kg2 g6 22. Rc3 Na4 23. Rxc8 Rxc8 24. Rd2 Kf8 25. Bd5 b5 26. Nb3 Be8 27. Nxa5 Rd8 28. Rd3 Nxb2 29. Rb3 Rxd5 30. Rxb2 h5 31. f3 Ke7 32. Kf2 Kd6 33. Nb3 Bd7 34. Nd2 Rd3 35. Ke2 Ra3 36. Ne4+ Kc6 37. Rc2+ Kb6 38. Ng5 f6 39. Ne4 Be6 40. Nxf6 Bxa2 41. Nd7+ Ka5 42. Ne5 Bd5 43. Rd2 Ra2 44. Rxa2+ Bxa2 45. Nxg6 b4 46. Kd2 Ka4 47. Kc1 Ka3 48. Nf4 Bc4 49. Ng2 b3 50. Ne3 b2+ 51. Kc2 Bb3+ 0-1


[Site "https://www.chess.com"]

[Event "Titled Tuesday Blitz October 11 Early 2022"]
[White "Wiegmann, Sascha"]
[Black "Przybylski, Wojciech"]
[WhiteFideId "4682041"]
[BlackFideId "1117599"]
[WhiteElo "2270"]
[BlackElo "2221"]
[Result "0-1"]
[Round "06"]
[TimeControl "180+1"]
[Date "2022.10.12"]
[WhiteClock "0:00:18"]
[BlackClock "0:01:28"]

1. Nf3 Nf6 2. g3 b6 3. Bg2 Bb7 4. O-O e6 5. d4 Be7 6. c4 O-O 7. Nc3 c5 8. d5 exd5 9. cxd5 d6 10. Re1 Re8 11. e4 Nbd7 12. h3 h6 13. Bf4 Nh5 14. Be3 Bf8 15. a4 a6 16. Qb3 Ne5 17. Nxe5 dxe5 18. Red1 Bd6 19. Nb1 Rb8 20. Nd2 b5 21. axb5 axb5 22. Qxb5 Bxd5 23. Qxe8+ Qxe8 24. exd5 f5 25. Nc4 Rd8 26. Nxd6 Rxd6 27. Bxc5 Rd8 28. d6 e4 29. Rd5 f4 30. g4 Nf6 31. Rd4 f3 32. Bf1 e3 33. Re1 e2 34. h4 Ne4 35. Rxe4 Qxe4 36. Bh3 Qc2 37. b4 Qd1 0-1


[Site "https://www.chess.com"]

[Event "Titled Tuesday Blitz October 11 Early 2022"]
[White "Wirig, Anthony"]
[Black "Urbina Perez, Juan Antonio"]
[WhiteFideId "615013"]
[BlackFideId "2217368"]
[WhiteElo "2474"]
[BlackElo "2197"]
[Result "1-0"]
[Round "06"]
[TimeControl "180+1"]
[Date "2022.10.12"]
[WhiteClock "0:00:09"]
[BlackClock "0:00:38"]

1. d4 d5 2. Bg5 f6 3. Bf4 c5 4. e4 dxe4 5. d5 e5 6. Bg3 Ne7 7. Nc3 Nf5 8. Nxe4 a6 9. Nf3 Nxg3 10. Nxg3 Bd6 11. Bd3 O-O 12. Bf5 Nd7 13. Be6+ Kh8 14. Nh4 Nb6 15. Qg4 Bxe6 16. dxe6 Qc7 17. O-O-O Rad8 18. Ngf5 g6 19. Nxg6+ hxg6 20. Qxg6 Qh7 21. Qxh7+ Kxh7 22. Rxd6 Nc8 23. e7 Nxd6 24. Nxd6 Rb8 25. exf8=Q Rxf8 26. h4 Kg6 27. g4 b6 28. Nf5 Re8 29. Kd2 e4 30. Ke3 Re5 31. Rd1 Re8 32. Rd7 Rg8 33. Ne7+ Kh6 34. Nxg8+ Kg6 35. Ne7+ Kh6 36. Nf5+ 1-0


[Site "https://www.chess.com"]

[Event "Titled Tuesday Blitz October 11 Early 2022"]
[White "Yaniuk, Volodymyr"]
[Black "Gonzalez, Francisco Silva"]
[WhiteFideId "14133083"]
[BlackFideId "1512285"]
[WhiteElo "2141"]
[BlackElo "2159"]
[Result "1-0"]
[Round "06"]
[TimeControl "180+1"]
[Date "2022.10.12"]
[WhiteClock "0:00:16"]
[BlackClock "0:00:55"]

1. c4 e6 2. g3 d5 3. Bg2 dxc4 4. Qa4+ Nd7 5. Qxc4 a6 6. Nf3 b5 7. Qc2 Bb7 8. d4 c5 9. O-O cxd4 10. Rd1 Rc8 11. Qd2 e5 12. e3 Bxf3 13. Bxf3 Bc5 14. exd4 Bxd4 15. Qe2 Ne7 16. Bb7 Rxc1 17. Rxc1 Qb6 18. Bg2 O-O 19. Nc3 Nf6 20. a3 Re8 21. Ne4 Ned5 22. Nxf6+ Nxf6 23. Rc6 Qa7 24. Rac1 Bb6 25. Rxf6 gxf6 26. Be4 Rd8 27. Kg2 Qd7 28. Qh5 Qd2 29. Rc2 Qd4 30. Qxh7+ Kf8 31. Qf5 Ke7 32. h4 Rg8 33. Rc6 Rg6 34. Qf3 Kd7 35. Bxg6 fxg6 36. Rxf6 e4 37. Rf7+ Ke6 38. Qf4 e3 39. fxe3 Qxe3 40. Qxe3+ Bxe3 41. Rc7 Bd4 42. Rc2 a5 43. Kf3 a4 44. g4 Kd5 45. h5 gxh5 46. gxh5 Bh8 47. h6 Kd4 48. Ke2 Ke4 49. h7 Kf5 50. Rc8 Bxb2 51. h8=Q Bxh8 52. Rxh8 b4 53. axb4 Ke5 54. Rc8 Kd4 55. Kd2 a3 56. Kc2 a2 57. Kb2 a1=N 58. Kxa1 1-0


[Site "https://www.chess.com"]

[Event "Titled Tuesday Blitz October 11 Early 2022"]
[White "Zaloznyy, Mike"]
[Black "Namitbir Singh Walia"]
[WhiteFideId "2023075"]
[BlackFideId "35071068"]
[WhiteElo "2126"]
[BlackElo "2239"]
[Result "0-1"]
[Round "06"]
[TimeControl "180+1"]
[Date "2022.10.12"]
[WhiteClock "0:00:11"]
[BlackClock "0:00:28"]

1. e4 c5 2. a3 g6 3. Nf3 Bg7 4. Bc4 Nc6 5. O-O e6 6. Nc3 Nge7 7. Rb1 O-O 8. b4 d5 9. exd5 exd5 10. Bb5 cxb4 11. axb4 Bg4 12. Bxc6 Nxc6 13. h3 Bf5 14. b5 Nd4 15. Nxd4 Bxd4 16. Qf3 Bxc2 17. Rb2 Be4 18. Nxe4 dxe4 19. Qxe4 Bxb2 20. Bxb2 Qxd2 21. Qe5 f6 22. Qe6+ Rf7 23. Bxf6 Qd7 24. Qb3 a5 25. Ba1 h5 26. Rd1 Qf5 27. Qb2 Kh7 28. b6 a4 29. Rd2 a3 30. Qc3 a2 31. Kh2 Qa5 32. g3 Qxc3 33. Bxc3 a1=Q 34. Bxa1 Rxa1 35. Kg2 Ra6 36. Rd6 Kg7 37. g4 hxg4 38. hxg4 Ra2 39. Kg3 Raxf2 40. Rd7 Rf3+ 41. Kg2 Rxd7 42. Kxf3 Rd6 43. Kf4 Rxb6 44. g5 Rb5 45. Kg4 Rf5 46. Kg3 b5 47. Kg4 b4 48. Kg3 b3 49. Kg4 b2 50. Kg3 b1=Q 51. Kg4 Qg1+ 52. Kh4 Rf4+ 53. Kh3 Rf3+ 54. Kh4 Qg3# 0-1


[Site "https://www.chess.com"]

[Event "Titled Tuesday Blitz October 11 Early 2022"]
[White "Zhao, Jun"]
[Black "Dushyant Sharma"]
[WhiteFideId "8602522"]
[BlackFideId "25065130"]
[WhiteElo "2547"]
[BlackElo "2270"]
[Result "1-0"]
[Round "06"]
[TimeControl "180+1"]
[Date "2022.10.12"]
[WhiteClock "0:00:16"]
[BlackClock "0:00:10"]

1. Nf3 d5 2. g3 e6 3. Bg2 Nf6 4. O-O Be7 5. d4 O-O 6. c3 Ne4 7. Nbd2 c5 8. Nxe4 dxe4 9. Ne5 f5 10. Be3 Bf6 11. Qb3 Qe7 12. Nc4 cxd4 13. cxd4 Nc6 14. Rfd1 b6 15. f3 exf3 16. Bxf3 Bb7 17. Rac1 Kh8 18. Qa3 Qxa3 19. Nxa3 Rac8 20. Nb5 Rfd8 21. Nxa7 Nxa7 22. Bxb7 Rxc1 23. Rxc1 Bxd4 24. Bxd4 Rxd4 25. Rc7 h6 26. Ba6 Ra4 27. Rxa7 Rxa2 28. Kf2 Rxb2 29. Bc8 Rb5 30. Bxe6 Re5 31. Bf7 Kh7 32. Rb7 b5 33. Rb6 g5 34. Bb3 Kg7 35. Bc2 Rc5 36. Bd3 f4 37. g4 Rc1 38. Rg6+ Kf7 39. Rxh6 Rh1 40. Kg2 Rd1 41. Bxb5 Rd5 42. Bc4 Kg7 43. Bxd5 Kxh6 44. Kf3 Kg7 45. Ke4 Kf6 46. Bc4 Kg7 47. Kf5 Kh6 48. Kf6 Kh7 49. Kxg5 Kg7 50. Kxf4 Kh8 51. g5 Kg7 52. Kf5 Kh7 53. g6+ Kh6 54. Kf6 Kh5 55. g7 Kh4 56. g8=Q Kh5 57. Qg5# 1-0


[Site "https://www.chess.com"]

[Event "Titled Tuesday Blitz October 11 Early 2022"]
[White "Zhigalko, Sergei"]
[Black "Lazavik, Denis"]
[WhiteFideId "13502956"]
[BlackFideId "13515110"]
[WhiteElo "2662"]
[BlackElo "2437"]
[Result "0-1"]
[Round "06"]
[TimeControl "180+1"]
[Date "2022.10.11"]
[WhiteClock "0:00:01"]
[BlackClock "0:00:12"]

1. e4 e5 2. Nf3 Nc6 3. Bb5 Nf6 4. O-O Nxe4 5. d4 Nd6 6. Bxc6 dxc6 7. dxe5 Nf5 8. Qxd8+ Kxd8 9. Nc3 Ke8 10. h3 h5 11. Bg5 Be7 12. Rad1 Be6 13. b3 h4 14. Bxe7 Kxe7 15. Ne2 Bd5 16. Nfd4 Nxd4 17. Nxd4 Be4 18. Rfe1 Bh7 19. e6 f6 20. Nxc6+ bxc6 21. Rd7+ Ke8 22. Rxg7 Bxc2 23. Rxc7 Rh7 24. Rxc6 Bf5 25. Rc5 Bg6 26. Rc4 Rd8 27. Rg4 Bf5 28. Rf4 Rd5 29. Re3 Ke7 30. Ra4 a5 31. Rc4 Kd6 32. e7 Rxe7 33. Rxe7 Kxe7 34. Rxh4 Rd1+ 35. Kh2 Rd2 36. Ra4 Rxf2 37. Kg3 Rc2 38. Rxa5 Be4 39. Kf4 Bxg2 40. h4 Kf7 41. h5 Bf1 42. Ra7+ Ke6 43. h6 Rh2 44. h7 Bd3 45. b4 Rxh7 46. Ra5 Rh4+ 47. Ke3 Bg6 48. a3 Rh3+ 49. Kf4 Rh4+ 50. Kf3 Rc4 51. Ke3 f5 52. Ra6+ Kf7 53. Ra5 Kf6 54. Ra6+ Kg5 55. b5 f4+ 56. Kd2 Rd4+ 57. Kc3 Rd3+ 58. Kc4 Rd1 59. b6 Bd3+ 60. Kc3 Bxa6 61. Kc2 Rd6 62. b7 Bxb7 0-1


[Site "https://www.chess.com"]

[Event "Titled Tuesday Blitz October 11 Early 2022"]
[White "Zilleruelo Irizarry, Diego"]
[Black "Kouskoutis, Georgios-Alexandros"]
[WhiteFideId "3101460"]
[BlackFideId "4234049"]
[WhiteElo "1998"]
[BlackElo "2187"]
[Result "0-1"]
[Round "06"]
[TimeControl "180+1"]
[Date "2022.10.12"]
[WhiteClock "0:00:17"]
[BlackClock "0:00:06"]

1. e4 c5 2. Nf3 g6 3. c3 Bg7 4. d4 cxd4 5. Nxd4 Nc6 6. Nxc6 bxc6 7. Bd3 Nf6 8. O-O O-O 9. Nd2 d5 10. Re1 e6 11. e5 Nd7 12. Nf3 f6 13. exf6 Qxf6 14. Bg5 Qf7 15. Nd4 Qxf2+ 16. Kh1 Bxd4 17. cxd4 Qxd4 18. Rxe6 Nc5 19. Re3 Bg4 20. Be2 Qxd1+ 21. Rxd1 Bxe2 22. Rxe2 Ne4 23. Bh6 Nf2+ 24. Rxf2 Rxf2 25. Rb1 Re8 26. h3 Ree2 27. Rg1 Rxb2 28. a4 d4 29. Bg5 c5 30. Be7 Rbc2 31. Bh4 Rfe2 32. Bg5 d3 33. Kh2 d2 34. Rb1 Re1 35. Rb8+ Kf7 36. Rb7+ Ke6 37. Bxd2 Rxd2 38. Rxh7 Ree2 39. Rxa7 Rxg2+ 40. Kh1 Rge2 0-1


[Site "https://www.chess.com"]

[Event "Titled Tuesday Blitz October 11 Early 2022"]
[White "Zou, Chen"]
[Black "Nozdrachev, Leonid"]
[WhiteFideId "8610959"]
[BlackFideId "24113433"]
[WhiteElo "2325"]
[BlackElo "2249"]
[Result "1-0"]
[Round "06"]
[TimeControl "180+1"]
[Date "2022.10.12"]
[WhiteClock "0:01:25"]
[BlackClock "0:01:19"]

1. e4 c6 2. d4 d5 3. e5 Bf5 4. Nf3 e6 5. Be2 Ne7 6. O-O c5 7. c4 Nbc6 8. dxc5 dxc4 9. Na3 Nd5 10. Nxc4 Bxc5 11. Bg5 Qc7 12. Rc1 O-O 13. Qb3 Rab8 14. Rfd1 h6 15. Bh4 Rfc8 16. Nd6 Bxd6 17. exd6 Qxd6 18. Bg3 Qb4 19. Qxb4 Ncxb4 20. Bxb8 Rxb8 21. a3 Nc6 22. Nd4 Nxd4 23. Rxd4 b5 24. Bf3 Nf6 25. Rcd1 Kh7 26. Rd8 Rb6 27. R1d6 1-0


[Site "https://www.chess.com"]

[Event "Titled Tuesday Blitz October 11 Early 2022"]
[White "Aaditya Dhingra"]
[Black "Jean Louis, Marckens"]
[WhiteFideId "25678191"]
[BlackFideId "11900270"]
[WhiteElo "2054"]
[BlackElo "2030"]
[Result "0-1"]
[Round "07"]
[TimeControl "180+1"]
[Date "2022.10.12"]
[WhiteClock "0:00:38"]
[BlackClock "0:01:13"]

1. b3 d6 2. Bb2 Nf6 3. g3 g6 4. Bg2 Bg7 5. e3 O-O 6. Ne2 c5 7. O-O Nc6 8. d4 cxd4 9. Nxd4 Bd7 10. c4 Rc8 11. Nc3 a6 12. Nd5 Nxd5 13. Nxc6 bxc6 14. Bxg7 Kxg7 15. cxd5 c5 16. Rc1 a5 17. Qd2 Qb6 18. e4 f6 19. h4 Ra8 20. h5 a4 21. Rc3 Qb4 22. Qe3 axb3 23. Rxb3 Qa4 24. Rb7 Rfb8 25. Rfb1 Rxb7 26. Rxb7 Ra7 27. Rxa7 Qxa7 28. hxg6 hxg6 29. Qb3 Kf7 30. Bf1 Ba4 31. Qa3 Qd7 32. Kg2 Bb5 33. Bxb5 Qxb5 34. Qc3 Qe2 35. a3 Qxe4+ 36. Qf3 Qd4 37. Kh2 c4 38. a4 c3 39. a5 c2 40. Qa3 Qd1 41. Qe3 c1=Q 0-1


[Site "https://www.chess.com"]